Map: [ESL] Stargazers

Players

Serral - Winner!

  • Race: Zerg Zerg
  • Spawn Location: 11:00

Lambo

  • Race: Zerg Zerg
  • Spawn Location: 1:00

Event: DreamHack SC2 Masters 2022 Atlanta (Offline)

VOD

Have the link to the VOD?

Description

Time

  • Played on: Nov. 18, 2022, 5:17 p.m.
  • Length: 12:53

All games in this series

Show
View Real Time Build Order
Export as new Build Order

Serral Zerg - Winner!

Build Orders: Hatch First 

Get SALT Encoding   

  12  0:00  Drone  
  13  0:11  Overlord  
  13  0:16  Drone  
  14  0:30  Drone x2  
  16  0:47  Hatchery  
  15  0:50  Drone  
  15  0:54  Drone  
  17  0:57  Drone  
  18  1:11  Spawning Pool  
  17  1:14  Drone  
  17  1:17  Drone  
  19  1:27  Drone  
  20  1:37  Drone  
  21  1:44  Hatchery  
  20  1:48  Drone  
  21  2:00  Queen  
  23  2:02  Queen  
  23  2:07  Overlord  
  25  2:10  Drone  
  25  2:12  Drone  
  25  2:15  Zergling x2  
  28  2:25  Drone x2  
  30  2:31  Drone  
  30  2:36  Queen  
  33  2:38  Overlord  
  33  2:42  Drone x2  
  35  2:52  Drone  
  35  2:55  Queen  
  35  2:57  Drone x2, Extractor x2  
  38  3:03  Drone x2  
  39  3:08  Drone x4  
  39  3:10  Drone x2  
  45  3:15  Drone x2  
  47  3:21  Drone x2  
  47  3:26  Evolution Chamber  
  48  3:27  Drone  
  48  3:30  Drone, Roach Warren  
  48  3:31  Drone  
  50  3:36  Evolution Chamber  
  50  3:39  Drone  
  50  3:41  Overlord  
  50  3:42  Overlord  
  50  3:44  Extractor  
  49  3:49  Drone  
  49  3:53  Overlord  
  50  4:00  Drone x3  
  53  4:07  Drone  
  53  4:08  Drone  
  55  4:10  Overlord  
  55  4:12  Overlord  
  55  4:14  Roach x2  
  55  4:16  Roach  
  61  4:18  Roach  
  61  4:20  Roach  
  61  4:22  Drone  
  61  4:23  Drone  
  67  4:26  Overlord  
  67  4:29  Drone x2  
  67  4:30  Drone  
  70  4:36  Spine Crawler  
  70  4:37  Roach, Spine Crawler  
  70  4:38  Roach  
  72  4:42  Roach x2  
  72  4:45  Evolution Chamber  
  75  4:48  Spine Crawler  
  75  4:49  Roach Warren  
  76  4:52  Ravager x2  
  76  4:53  Roach  
  76  4:54  Roach  
  80  5:01  Roach  
  80  5:02  Roach x3  
  90  5:07  Roach  
  90  5:08  Overlord  
  87  5:23  Roach x2  
  82  5:28  Roach x6  
  84  5:37  Roach x2  
  81  5:46  Roach x3  
  83  5:52  Drone x3  
  80  6:06  Roach x4  
  80  6:08  Queen  
  80  6:10  Extractor  
  89  6:13  Roach  
  89  6:16  Zergling x4  
  93  6:20  Ravager  
  93  6:21  Overlord  
  93  6:23  Zergling x6  
  97  6:31  Ravager  
  98  6:33  Overlord  
  98  6:34  Lair, Overlord  
  98  6:40  Overlord  
  98  6:45  Evolution Chamber  
  91  6:51  Roach x6  
  85  6:58  Drone x3  
  83  7:03  Drone  
  83  7:05  Drone x2  
  83  7:07  Drone  
  83  7:08  Drone  
  87  7:11  Zerg Missile Weapons Level 1  
  83  7:16  Roach  
  83  7:19  Roach  
  72  7:22  Ravager  
  72  7:23  Ravager x2  
  74  7:33  Roach x5  
  74  7:36  Roach  
  74  7:42  Roach x2  
  74  7:50  Roach x3  
  76  7:54  Roach x2  
  80  7:59  Glial Reconstitution  
  80  8:04  Overseer  
  80  8:05  Queen  
  82  8:09  Queen  
  84  8:15  Queen  
  84  8:18  Drone x2  
  84  8:19  Drone  
  89  8:21  Drone  
  90  8:29  Drone x5  
  95  8:36  Drone x3  
  98  8:41  Drone  
  98  8:43  Drone x2  
  101  8:50  Extractor  
  101  8:51  Roach, Overlord  
  101  8:54  Extractor  
  101  8:55  Spire, Roach  
  103  8:56  Overseer  
  102  9:04  Roach x3  
  108  9:19  Drone  
  108  9:21  Drone, Roach  
  108  9:22  Roach x6  
  124  9:25  Overlord x2  
  124  9:26  Overlord  
  124  9:30  Roach  
  126  9:32  Overlord  
  126  9:48  Spore Crawler  
  126  9:50  Spore Crawler  
  126  9:52  Spore Crawler, Hatchery  
  122  10:06  Mutalisk  
  122  10:07  Mutalisk x7  
  124  10:10  Zerg Flyer Armor Level 1  
  140  10:17  Mutalisk  
  140  10:18  Mutalisk  
  144  10:23  Overlord  
  144  10:26  Overlord x2  
  144  10:30  Overlord  
  144  10:41  Overlord  
  144  10:44  Hatchery  
  144  10:46  Mutalisk x4  
  151  10:50  Mutalisk  
  151  10:53  Mutalisk  
  155  11:05  Zergling x12  
  153  11:15  Mutalisk x3  
  138  11:19  Roach x4  
  138  11:23  Roach x2  
  125  11:28  Roach x3  
  125  11:31  Roach  
  115  11:33  Roach  
  115  11:37  Roach  
  117  11:47  Roach x2  
  117  11:51  Roach x2  
  125  11:58  Roach x2  
  129  12:02  Drone  
  129  12:03  Drone  
  129  12:06  Baneling Nest  
  129  12:08  Mutalisk  
  130  12:15  Mutalisk x2  
  132  12:20  Drone x2  
  138  12:23  Roach x2  
  138  12:26  Roach  
  144  12:31  Roach x2  
Show
View Real Time Build Order
Export as new Build Order

Lambo Zerg 

Build Orders: Hatch First 

Get SALT Encoding   

  12  0:00  Drone  
  13  0:12  Overlord  
  13  0:17  Drone  
  14  0:30  Drone x2  
  16  0:47  Hatchery  
  15  0:51  Drone  
  15  0:54  Drone  
  17  0:57  Drone  
  18  1:08  Extractor  
  17  1:12  Spawning Pool  
  17  1:16  Drone  
  17  1:19  Drone  
  18  1:27  Drone  
  19  1:39  Drone  
  20  1:50  Drone  
  21  1:59  Queen x2  
  21  2:00  Zergling x2  
  21  2:01  Overlord  
  26  2:09  Metabolic Boost  
  26  2:11  Drone x2  
  30  2:22  Drone x2  
  30  2:33  Hatchery  
  30  2:34  Drone  
  30  2:39  Drone  
  30  2:42  Drone  
  32  2:46  Overlord  
  32  2:54  Drone  
  33  2:59  Drone  
  33  3:05  Drone x2  
  36  3:10  Drone x6  
  42  3:16  Roach Warren  
  42  3:17  Extractor  
  40  3:22  Overlord  
  40  3:24  Overlord  
  40  3:29  Queen  
  42  3:40  Overlord  
  42  3:58  Roach x4  
  42  3:59  Roach x3  
  42  4:02  Roach  
  58  4:04  Overlord  
  58  4:11  Roach x2  
  58  4:12  Roach  
  58  4:13  Zergling x10  
  69  4:19  Zergling x6  
  69  4:21  Overlord  
  72  4:25  Overlord  
  72  4:27  Zergling x2  
  72  4:30  Zergling x2  
  74  4:35  Ravager x2  
  74  4:36  Overlord  
  76  4:39  Zergling x4  
  76  4:42  Ravager  
  76  4:43  Zergling x4  
  76  4:44  Zergling x2  
  82  4:50  Zergling x8  
  86  4:54  Overlord  
  86  4:56  Zergling x2  
  87  5:01  Zergling x4  
  87  5:03  Ravager  
  90  5:07  Zergling x2  
  91  5:14  Zergling x6  
  91  5:20  Zergling x12  
  99  5:28  Zergling x8  
  97  5:32  Zergling x4  
  87  5:39  Zergling x2  
  87  5:42  Zergling x4  
  84  5:48  Zergling x6  
  81  5:52  Zergling x2  
  81  5:53  Ravager x4  
  81  5:54  Zergling x4  
  87  6:02  Zergling x2  
  81  6:06  Zergling x16  
  81  6:07  Ravager  
  81  6:09  Ravager  
  90  6:15  Roach  
  92  6:19  Roach  
  92  6:25  Roach, Overlord  
  96  6:26  Zergling x6  
  96  6:33  Zergling x12  
  96  6:35  Zergling x2  
  96  6:39  Zergling x4  
  105  6:40  Zergling x2  
  97  6:48  Zergling x8  
  97  6:52  Zergling x4  
  82  6:57  Lair  
  82  7:01  Drone  
  75  7:03  Drone x3  
  75  7:06  Drone  
  79  7:09  Drone x2  
  79  7:10  Zergling x2  
  79  7:15  Drone x2  
  81  7:16  Drone  
  81  7:17  Drone  
  81  7:19  Drone  
  81  7:20  Ravager x2  
  84  7:24  Ravager, Extractor  
  84  7:25  Zergling x4  
  85  7:32  Zergling x8  
  85  7:35  Drone x2  
  82  7:40  Drone x2  
  78  7:50  Drone x5  
  79  7:53  Drone x3  
  79  7:58  Drone  
  80  7:59  Extractor  
  80  8:00  Extractor  
  80  8:01  Drone x3, Spire, Extractor  
  80  8:04  Drone  
  80  8:05  Evolution Chamber  
  79  8:09  Drone  
  80  8:14  Drone x2  
  82  8:20  Drone  
  82  8:25  Hatchery  
  82  8:30  Glial Reconstitution  
  82  8:31  Zerg Missile Weapons Level 1  
  82  8:32  Roach x3  
  87  8:35  Roach, Overlord  
  87  8:36  Zergling x6  
  87  8:40  Drone x2  
  87  8:41  Drone x2  
  96  8:49  Overlord  
  96  9:04  Overlord  
  96  9:14  Drone  
  96  9:15  Drone, Mutalisk  
  96  9:16  Mutalisk x5  
  110  9:20  Overlord  
  110  9:21  Overlord  
  110  9:27  Roach, Extractor  
  110  9:28  Roach x8  
  127  9:32  Evolution Chamber  
  127  9:33  Drone x3  
  129  9:39  Mutalisk x2  
  129  9:41  Roach  
  129  9:44  Roach  
  137  9:48  Roach  
  137  9:49  Queen  
  141  9:53  Roach x3  
  147  10:01  Roach x2  
  147  10:05  Overlord  
  147  10:07  Zerg Ground Armor Level 1  
  151  10:08  Overlord x2  
  151  10:11  Overlord  
  151  10:14  Overlord  
  151  10:18  Overlord  
  151  10:25  Zerg Missile Weapons Level 2  
  151  10:26  Roach x5  
  161  10:28  Ravager x2  
  161  10:29  Ravager  
  161  10:35  Roach x5  
  174  10:41  Roach x3  
  180  10:48  Spore Crawler  
  177  10:50  Hydralisk Den  
  177  10:51  Roach x4  
  177  10:53  Roach  
  177  10:55  Ravager  
  183  11:00  Roach x3  
  188  11:05  Spore Crawler x2  
  180  11:14  Roach x6  
  180  11:15  Roach  
  153  11:23  Muscular Augments  
  138  11:27  Hydralisk x4  
  123  11:33  Hydralisk  
  123  11:35  Spore Crawler  
  123  11:36  Drone x2  
  108  11:40  Spore Crawler  
  108  11:41  Hydralisk x3  
  108  11:46  Hydralisk, Drone x2  
  115  11:51  Hydralisk x2  
  121  11:59  Hydralisk x2  
  123  12:06  Hydralisk  
  123  12:07  Hydralisk  
  123  12:08  Spore Crawler  
  126  12:12  Hydralisk x2  
  128  12:18  Hydralisk  
  128  12:24  Hydralisk x2  
  128  12:27  Hydralisk  
  136  12:32  Overlord x2  
  136  12:33  Overlord  
Tags
 
Add a new tag
Caveats
  • Supply blocks, unpowered buildings, or Contaminate may cause inaccurate times.
  • Supply counts are checked every 10 seconds.